 Dungeon Crawl Stone Soup version 0.27.1-34-g3ba077fa99 (webtiles) character file.

Game seed: 8803394059847919287

7 cbfl8 the Sneak (level 1, 0/20 HPs)
             Began as a Minotaur Delver on Jan 16, 2022.
             Succumbed to a scorpion's poison
             ... on level 6 of the Dungeon.
             The game lasted 00:00:12 (204 turns).

cbfl8 the Sneak (Minotaur Delver)                    Turns: 204, Time: 00:00:12

Health: 0/20       AC:  3    Str: 16    XL:     1   Next: 83%
Magic:  0/0        EV: 11    Int:  7    God:
Gold:   0          SH:  0    Dex: 11    Spells: 0/0 levels left

rFire    . . .     SeeInvis .   a - +0 hand axe
rCold    . . .     Faith    .   (no shield)
rNeg     . . .     Spirit   .   b - +0 leather armour
rPois    .         Reflect  .   (helmet restricted)
rElec    .         Harm     .   (no cloak)
rCorr    .         Rampage  .   (no gloves)
Will     .....                  (no boots)
Stlth    ++........             (no amulet)
HPRegen  0.06/turn              (no ring)
MPRegen  0.07/turn              (no ring)

@: lethally poisoned (0 -> -6)
A: horns 2, retaliatory headbutt
a: no special abilities


You were on level 6 of the Dungeon.
You visited 1 branch of the dungeon, and saw 2 of its levels.

Inventory:

Hand Weapons
 a - a +0 hand axe (weapon)
Armour
 b - a +0 leather armour (worn)
Wands
 g - a wand of digging (3)
Scrolls
 c - a scroll of fog
 d - a scroll of magic mapping
 e - a scroll of fear
Potions
 f - a potion of haste


   Skills:
 + Level 3.7 Fighting
 + Level 2.4 Axes
 + Level 2.2 Dodging
 + Level 4.3 Stealth


You couldn't memorise any spells.
You didn't know any spells.
Your spell library was empty.

Dungeon Overview and Level Annotations

Branches:
Dungeon (6/15)
 Temple: D:4-7

Altars:

Shops:
D:6 :


Innate Abilities, Weirdness & Mutations

You have a pair of horns on your head.
You reflexively headbutt those who attack you in melee.


Message History

HP restored.
You start waiting.
Done waiting.
Found a curved bone wand.
There is a stone staircase leading up here.
A hound comes into view.
The hound barks!
You closely miss the hound. Your headbutt misses the hound.
The hound bites you but does no damage.
A scorpion comes into view.
The hound barely misses you.
You barely miss the hound. The hound bites you. The hound misses you.
You barely miss the hound. The hound bites you.
You hit the hound but do no damage. You headbutt the hound.
The hound is moderately wounded.
The hound bites you but does no damage. The hound barely misses you.
You miss the hound.
The hound is moderately wounded.
The hound bites you but does no damage. x2
You barely miss the hound.
The hound is moderately wounded.
You barely miss the scorpion. The hound barely misses you.
The scorpion stings you!
You are lethally poisoned!
The scorpion poisons you! The hound closely misses you.
You barely miss the hound.
The hound is moderately wounded.
You hit the scorpion.
You feel very sick. The scorpion stings you.
* * * LOW HITPOINT WARNING * * *
The hound bites you.
* * * LOW HITPOINT WARNING * * *
The scorpion barely misses you. You furiously retaliate!
You headbutt the scorpion! The hound barely misses you.
* * * LOW HITPOINT WARNING * * *
You feel sick.
* * * LOW HITPOINT WARNING * * *
You feel sick. The scorpion misses you.
You die...

## ... #. #.# ###
#######.#####.#
#... ....
........###....
#..###..(..........
#....#......./.....
#..<#....s........
##.....@.h........
#..........#......
#....#.#.#### .....
#...###...# ....
..... #....# ...
............# ..
....[........# .
###...........


You could see a scorpion and a hound.

Vanquished Creatures
  A white imp (D:6)
1 creature vanquished.

Vanquished Creatures (others)
  A centaur (D:5)
  A hound (D:5)
  An orc (D:5)
3 creatures vanquished.

Grand Total: 4 creatures vanquished

Notes
Turn   | Place    | Note
-------+----------+-------------------------------------------
     0 | D:5      | cbfl8 the Minotaur Delver began the quest for the Orb.
     0 | D:5      | Reached XP level 1. HP: 19/19 MP: 0/0
     1 | D:5      | Noticed an orc priest
     1 | D:5      | Killed a hound
     2 | D:5      | Noticed an orc wizard
     2 | D:5      | Noticed an orc wizard
     5 | D:5      | Killed a centaur
     8 | D:6      | Found Muiblanyuc's Book Emporium.
   192 | D:6      | Noticed a hound
   195 | D:6      | Noticed a scorpion
   203 | D:6      | HP: 1/20 [poisoned by a scorpion]
   204 | D:6      | Succumbed to a scorpion's poison

Illustrated notes

Levels and vault maps discovered:
D:5:      lemuel_ice_spiral_2, layout_basic, xom_confusion_cloud,
          mainiacjoe_overflow_24_doors, serial_shops, kennysheep_mini_moat,
          uniq_edmund, uniq_crazy_yiuf_cottage
D:6:      layout_rooms, dancing_weapons_uskayaw, serial_shops, shop

Action                   || total
-------------------------++-------
Melee: Hand axe          ||    11
       Headbutt          ||     2
Armor: Leather armour    ||     4
Dodge: Dodged            ||    10
